 Dungeon Crawl Stone Soup version 0.19.0-2-gae57169 (webtiles) character file.

1397 Gingerlord the Skirmisher (level 9, -18/69 HPs)
             Began as a Human Wanderer on Nov 6, 2016.
             Demolished by an ogre
             ... wielding a +0 giant club
              (30 damage)
             ... on level 5 of the Dungeon.
             The game lasted 00:31:22 (8939 turns).

Gingerlord the Skirmisher (Human Wanderer)          Turns: 8939, Time: 00:31:24

Health: -18/69     AC: 10    Str: 14    XL:     9   Next: 0%
Magic:  10/10      EV:  6    Int: 18    God:
Gold:   307        SH:  5    Dex: 14    Spells: 0 memorised, 10 levels left

rFire  + . .     SeeInvis .     a - +2 spear
rCold  . . .     Gourm    .     j - +0 chain mail
rNeg   . . .     Faith    .     z - +0 buckler
rPois  .         Spirit   .     (no helmet)
rElec  .         Reflect  +     (no cloak)
rCorr  .         Harm     .     u - +0 pair of gloves
MR     .....                    (no boots)
Stlth  ..........               t - +2 amulet of reflection
                                c - ring of protection from fire
                                s - +5 ring of intelligence

@: heavily drained
A: no striking features
a: no special abilities


You were on level 5 of the Dungeon.
You were not hungry.

You visited 1 branch of the dungeon, and saw 6 of its levels.

You collected 307 gold pieces.

Inventory:

Hand Weapons
 a - a +2 spear (weapon)
Armour
 j - a +0 chain mail (worn)
 u - a +0 pair of gloves (worn)
 z - a +0 buckler (worn)
Jewellery
 c - a ring of protection from fire (right hand)
 s - a +5 ring of intelligence (left hand)
 t - a +2 amulet of reflection (around neck)
Wands
 d - a wand of digging (16/24)
Scrolls
 h - a scroll of remove curse
 k - a scroll of recharging
 o - a scroll of random uselessness
 w - a scroll of immolation
 y - 2 scrolls of identify
Potions
 r - a potion of flight
Comestibles
 f - a bread ration
 l - a meat ration
 m - a royal jelly
 v - a beef jerky


   Skills:
 + Level 5.7(3.4) Fighting
 + Level 4.9(2.7) Polearms
 + Level 4.8(2.6) Armour
 + Level 5.1(2.8) Dodging
 - Level 2.2(0.1) Shields
 - Level 1.0(0.0) Spellcasting
   Level 1.0(0.0) Translocations
   Level 1.0(0.0) Fire Magic
 - Level 2.0(0.0) Evocations


You had 10 spell levels left.
You didn't know any spells.

Dungeon Overview and Level Annotations

Branches:
Dungeon (6/15)             Temple (0/1) D:4

Altars:
Elyvilon
Zin

Annotations:
D:6 Pikel, Prince Ribbit


Message History

You see here a stone.
There is a stone staircase leading up here.
The ogre hits you with a giant club!
* * * LOW HITPOINT WARNING * * *
You climb upwards.
There is a stone staircase leading down here.
The ogre hits you with a giant club!
* * * LOW HITPOINT WARNING * * *
Unknown command.
As you read the scroll labeled GEANKU ACS, it crumbles to dust.
The scroll dissolves into smoke.
It was a scroll of fog.
The ogre barely misses you.
As you read the scroll labeled YNETUE SOADOLE, it crumbles to dust.
The creatures around you are filled with an inner flame!
It was a scroll of immolation.
Unknown command.
You hit the ogre.
The ogre is lightly wounded.
The ogre hits you with a giant club!!
You die...

##### #...#
####### #...#
#.....# #...#
#.....# #@..#
#.....# #O..#
#######.....#
#...#
.z.oz.......#
#...#
#######.....#
#..§# ########
#.....# #§§##
#....... #.....#
##.## #####...♣P..
#### #.....# #..#
#.....P≈≈≈≈.
...####.#######§§#
#......≈≈≈≈≈


You could see an ogre (inner flame).

Vanquished Creatures
  Menkaure (D:6)
  Duvessa (D:6)
  2 ogres (D:5)
  A phantom (D:4)
  Blork the orc (D:4)
  2 bullfrogs
  Dowan (D:6)
  2 scorpions
  A jelly (D:6)
  3 orc wizards
  A bullfrog skeleton (D:3)
  3 hounds
  4 worker ants
  3 hound skeletons
  9 adders
  An ooze (D:5)
  4 worms
  5 leopard geckos
  14 orcs
  2 ball pythons (D:3)
  5 bats
  5 giant cockroaches
  7 goblins
  5 hobgoblins
  6 jackals
  7 kobolds
  3 quokkas
  A ball python skeleton (D:5)
  9 frilled lizards
  A jackal skeleton (D:4)
  A leopard gecko zombie (D:5)
  A quokka skeleton (D:5)
  A quokka zombie (D:5)
  7 rats
120 creatures vanquished.

Notes
Turn   | Place    | Note
-------+----------+-------------------------------------------
     0 | D:1      | Gingerlord the Human Wanderer began the quest for the Orb.
     0 | D:1      | Gingerlord set off with: a +2 spear, a potion of curing, a potion of lignification, a +0 robe, a bread ration
     0 | D:1      | Reached XP level 1. HP: 18/18 MP: 2/2
   156 | D:1      | Reached XP level 2. HP: 23/24 MP: 3/3
   717 | D:2      | Reached XP level 3. HP: 24/29 MP: 4/4
  1256 | D:2      | Reached skill level 1 in Armour
  1728 | D:3      | Reached XP level 4. HP: 36/36 MP: 5/5
  1966 | D:3      | Reached XP level 5. HP: 41/42 MP: 6/6
  2540 | D:4      | Found a glowing silver altar of Zin.
  2775 | D:4      | Noticed a phantom
  3063 | D:4      | Noticed Blork the orc
  3166 | D:4      | Reached XP level 6. HP: 45/48 MP: 7/7
  3668 | D:5      | Entered Level 5 of the Dungeon
  3699 | D:5      | Noticed an ogre
  3716 | D:5      | Noticed an ice beast
  4213 | D:4      | Killed a phantom
  4213 | D:4      | Reached XP level 7. HP: 29/55 MP: 8/8
  4647 | D:4      | Found a white marble altar of Elyvilon.
  4731 | D:4      | Killed Blork the orc
  4731 | D:4      | Reached skill level 5 in Fighting
  4860 | D:4      | Found a staircase to the Ecumenical Temple.
  5710 | D:5      | Reached XP level 8. HP: 37/62 MP: 9/9
  6801 | D:5      | HP: 1/63 [orc warrior/war axe of electrocution (8)]
  7222 | D:6      | Noticed Menkaure
  7237 | D:6      | Killed Menkaure
  7237 | D:6      | Reached skill level 1 in Shields
  7812 | D:6      | Noticed Pikel
  7815 | D:6      | Noticed Prince Ribbit
  8413 | D:6      | Noticed Duvessa
  8414 | D:6      | Noticed Dowan
  8443 | D:6      | Killed Duvessa
  8460 | D:6      | Killed Dowan
  8460 | D:6      | Reached skill level 5 in Dodging
  8843 | D:6      | Reached XP level 9. HP: 63/69 MP: 10/10
  8939 | D:5      | Demolished by an ogre

Skill      XL: |  1  2  3  4  5  6  7  8 |
---------------+-------------------------+-----
Armour         | 1 2 3 4 |  4.8
Dodging        | 2 3 4 5 |  5.1
Polearms       | 2 3 4 |  4.9
Fighting       | 4 5 |  5.7
Shields        | 2 |  2.2
Spellcasting   | |  1.0
Translocations | |  1.0
Fire Magic     | |  1.0
Evocations     | |  2.0

Action                   |  1- 3 |  4- 6 |  7- 9 || total
-------------------------+-------+-------+-------++-------
Melee: Spear             |   142 |   278 |   402 ||   822
Evoke: Wand              |       |     1 |     8 ||     9
  Use: Potion            |     1 |     7 |     3 ||    11
       Scroll            |       |     7 |     7 ||    14
  Eat: Chunk             |     1 |     5 |     2 ||     8
       Pizza             |     1 |       |       ||     1
       Beef jerky        |       |     1 |       ||     1
       Bread ration      |       |     1 |     2 ||     3
       Meat ration       |       |       |     1 ||     1
Armor: Chain mail        |    70 |   181 |   188 ||   439
       Skin              |     6 |       |       ||     6
Dodge: Dodged            |    31 |    66 |   108 ||   205
Block: Other             |       |    10 |     8 ||    18
       Buckler           |       |       |    60 ||    60
